 Dungeon Crawl Stone Soup version 0.21-a0-633-g4c047d5 (webtiles) character file.

138 wazuzu the Digger (level 5, -3/28 HPs)
             Began as a Gargoyle Earth Elementalist on Dec 28, 2017.
             Was a Follower of Vehumet.
             Splashed by Ijyb's acid (10 damage)
             ... on level 3 of the Dungeon.
             The game lasted 00:05:53 (1830 turns).

wazuzu the Digger (Gargoyle Earth Elementalist)     Turns: 1830, Time: 00:05:55

Health: -3/28      AC:  2    Str: 12    XL:     5   Next: 21%
Magic:  2/9        EV: 12    Int: 16    God:    Vehumet [*.....]
Gold:   97         SH:  0    Dex: 10    Spells: 6/10 levels left

rFire    . . .     SeeInvis .   j - +1 hand axe (venom)
rCold    . . .     Gourm    .   (no shield)
rNeg     + . .     Faith    .   c - +0 robe
rPois    ∞         Spirit   .   (no helmet)
rElec    +         Reflect  .   (no cloak)
rCorr    .         Harm     .   (no gloves)
MR       .....                  (no boots)
Stlth    +++.......             (no amulet)
HPRegen  0.09/turn              n - ring of stealth
MPRegen  0.11/turn              (no ring)

@: corroded
A: negative energy resistance 1, electricity resistance, unbreathing,
petrification resistance, rot immunity, AC +4
a: Renounce Religion


You were on level 3 of the Dungeon.
You worshipped Vehumet.
Vehumet was aware of your devotion.
You were hungry.

You visited 1 branch of the dungeon, and saw 3 of its levels.

You collected 97 gold pieces.

Inventory:

Hand Weapons
 j - a +1 hand axe of venom (weapon)
Missiles
 b - 22 stones (quivered)
Armour
 c - a +0 robe (worn)
 g - a +0 ring mail
Jewellery
 n - a ring of stealth (left hand)
Scrolls
 a - a scroll of teleportation {unknown}
 h - a scroll of amnesia {unknown}
 i - a scroll of enchant armour {unknown}
 l - a scroll of magic mapping {unknown}
 o - 3 scrolls of identify {unknown}
 p - 4 scrolls of remove curse {unknown}
 s - 2 scrolls of enchant weapon {unknown}
Potions
 f - a potion of mutation {unknown}
 k - a potion of brilliance {unknown}
 m - a potion of curing {unknown}
 q - a potion of flight {unknown}
Books
 e - a book of Geomancy

   Spells                             Type                      Level
   a - Sandblast                      Earth                        1
   b - Passwall                       Transmutation/Earth          2
   c - Stone Arrow                    Conjuration/Earth            3
   d - Petrify                        Transmutation/Earth          4
   e - Lee's Rapid Deconstruction     Earth                        5
Comestibles
 d - 7 rations
 r - 10 chunks of flesh


   Skills:
 - Level 1.5 Dodging
 - Level 2.1 Stealth
 + Level 3.1 Spellcasting
 * Level 1.9 Conjurations
   Level 0.7 Transmutations
 - Level 5.5 Earth Magic


You had 6 spell levels left.
You knew the following spells:

 Your Spells              Type           Power        Failure   Level  Hunger
a - Stone Arrow           Conj/Erth      ##....       12%         3    ###....
b - Sandblast             Erth           ###...       1%          1    None


Dungeon Overview and Level Annotations

Branches:
Dungeon (3/15)

Altars:
Vehumet

Annotations:
D:3 Ijyb


Innate Abilities, Weirdness & Mutations

You are resistant to torment.
Your stone body is resilient. (AC +4)
You are immune to poison.
You resist negative energy. (rN+)
You are resistant to electric shocks. (rElec)
You can survive without breathing.
You are immune to petrification.
You are immune to rotting.


Message History

Aiming: Sandblast
Press: ? - help, Shift-Dir - straight line, f/p - Ijyb
Aim: Ijyb, wielding a club, wearing a chain mail and carrying a wand of acid (8) (moderately wounded)
The blast of sand hits Ijyb.
Ijyb is moderately wounded.
b - 23 stones Ijyb hits you with a club.
Casting: Sandblast
Confirm with . or Enter, or press ? or * to list all spells.
Aiming: Sandblast
Press: ? - help, Shift-Dir - straight line, f/p - Ijyb
Aim: Ijyb, wielding a club, wearing a chain mail and carrying a wand of acid (8) (moderately wounded)
The blast of sand hits Ijyb.
Ijyb is moderately wounded.
b - 22 stones Ijyb zaps a wand.
The bolt of acid hits you!
Ouch! That really hurt!
* * * LOW HITPOINT WARNING * * *
The acid corrodes you!
You are splashed with acid!
The acid burns!
You die...

. #.........
. ........ .
....... .
..... . ....
. #g. . #g# .
#@# . #.# .
#.# . #.# .
#.# #.# ##.
#.#
#........#...
#.#
#.......#....
#.#
#.......>....


You could see Ijyb and a goblin.

Vanquished Creatures
  Terence (D:2)
  2 adders
  A shadow imp (D:2)
  3 oozes
  A worm (D:3)
  2 dart slugs
  5 leopard geckos
  6 orcs (D:3)
  2 ball pythons
  3 giant cockroaches
  5 goblins
  3 hobgoblins
  5 jackals (D:3)
  5 kobolds
  2 quokkas (D:2)
  5 bats
  2 frilled lizards
  3 rats
56 creatures vanquished.

Notes
Turn   | Place    | Note
-------+----------+-------------------------------------------
     0 | D:1      | wazuzu the Gargoyle Earth Elementalist began the quest for the Orb.
     0 | D:1      | Reached XP level 1. HP: 10/10 MP: 3/3
    42 | D:1      | Reached skill level 4 in Earth Magic
    96 | D:1      | Reached XP level 2. HP: 13/15 MP: 5/5
   661 | D:2      | Noticed Terence
   670 | D:2      | Killed Terence
   670 | D:2      | Reached skill level 5 in Earth Magic
   670 | D:2      | Reached XP level 3. HP: 12/19 MP: 1/6
   693 | D:2      | Reached XP level 4. HP: 4/24 MP: 1/8
  1001 | D:2      | Found a radiant altar of Vehumet.
  1012 | D:2      | Became a worshipper of Vehumet
  1329 | D:2      | Learned a level 3 spell: Stone Arrow
  1637 | D:3      | Reached skill level 1 in Conjurations
  1693 | D:3      | Reached XP level 5. HP: 28/28 MP: 1/9
  1808 | D:3      | Noticed Ijyb
  1822 | D:3      | Reached * piety under Vehumet
  1822 | D:3      | Offered knowledge of Flame Tongue by Vehumet.
  1830 | D:3      | Splashed by Ijyb's acid

Vault maps used:
D:1:      mrwooster_arrival_arrow, serial_forest, infiniplex_forest_end_2,
          infiniplex_forest_end_1, infiniplex_forest_join,
          infiniplex_forest_clump_curved, infiniplex_forest_clump_long,
          infiniplex_forest_lined_4_way, hangedman_decor_clover_reticule
D:2:      old_standard_altar, first_ration, uniq_terence
D:3:      uniq_ijyb

Skill      XL: |  1  2  3  4 |
---------------+-------------+-----
Earth Magic    | 4 5 |  5.5
Spellcasting   | 3 |  3.1
Conjurations   | 1 |  1.9
Dodging        | |  1.5
Stealth        | |  2.1
Transmutations | |  0.7

Action                   |  1- 3 |  4- 6 || total
-------------------------+-------+-------++-------
Melee: Unarmed           |    14 |       ||    14
       Hand axe          |    33 |    66 ||    99
 Cast: Sandblast         |    16 |    13 ||    29
       Stone Arrow       |       |     2 ||     2
 Stab: Sleeping          |     4 |     3 ||     7
  Eat: Chunk             |       |     3 ||     3
Armor: Robe              |    19 |    22 ||    41
Dodge: Dodged            |    31 |    51 ||    82

Table legend:
 A = Spawn XP
 B = Non-spawn XP
 C = Spawn XP percentage of total XP
 D = Spawn monster count
 E = Non-spawn monster count
 F = Spawn count percentage of total count
 G = Total turns spent on level
                    A         B        C        D         E        F      G
               +---------+---------+-------+---------+---------+-------+---------
         Total |       0 |     198 |   0.0 |       0 |      56 |   0.0 |  1830
               +---------+---------+-------+---------+---------+-------+---------
           D:1 |       0 |      32 |   0.0 |       0 |      13 |   0.0 |   636
           D:2 |       0 |      97 |   0.0 |       0 |      20 |   0.0 |   954
           D:3 |       0 |      69 |   0.0 |       0 |      23 |   0.0 |   240
               +---------+---------+-------+---------+---------+-------+---------
